 Dungeon Crawl Stone Soup version 0.21.1-1-g345015fe64 (webtiles) character file.

66 Gargoyl the Skirmisher (level 3, 0/31 HPs)
             Began as a Centaur Abyssal Knight on Apr 17, 2018.
             Was a Follower of Lugonu.
             Killed by nerve-wracking pain
             ... invoked by Jessica
              (11 damage)
             ... on level 2 of the Dungeon.
             The game lasted 00:03:36 (1522 turns).

Gargoyl the Skirmisher (Centaur Abyssal Knight)     Turns: 1522, Time: 00:03:36

Health: 0/31       AC:  7    Str: 14    XL:     3   Next: 96%
Magic:  4/4        EV:  1    Int: 11    God:    Lugonu [*.....]
Gold:   70         SH:  6    Dex:  9    Spells: 2/2 levels left

rFire    . . .     SeeInvis .   i - -2 hunting sling (curse)
rCold    . . .     Gourm    .   g - +0 shield
rNeg     . . .     Faith    .   d - +0 chain mail
rPois    .         Spirit   .   (no helmet)
rElec    .         Reflect  .   (no cloak)
rCorr    .         Harm     .   (no gloves)
MR       .....                  (no barding)
Stlth    ..........             (no amulet)
HPRegen  0.10/turn              (no ring)
MPRegen  0.09/turn              (no ring)

@: very quick
A: large, hooves 3, deformed body, speed 2, tough skin 3
a: Depart the Abyss, Renounce Religion


You were on level 2 of the Dungeon.
You worshipped Lugonu.
Lugonu was aware of your devotion.
You were not hungry.

You visited 1 branch of the dungeon, and saw 2 of its levels.
You visited the Abyss 1 time.

You collected 70 gold pieces.

Inventory:

Hand Weapons
 a - a +1 hand axe
 i - a cursed -2 hunting sling (weapon)
Missiles
 f - 5 tomahawks (quivered)
Armour
 d - a +0 chain mail (worn)
 g - a +0 shield (worn)
Scrolls
 b - a scroll of amnesia
Potions
 e - a potion of cancellation {unknown}
 k - a potion of brilliance {unknown}
 l - a potion of berserk rage {unknown}
 m - a potion of flight {unknown}
Comestibles
 c - 4 rations


   Skills:
 + Level 3.5 Fighting
 + Level 2.1 Axes
 * Level 2.2 Armour
 + Level 0.7 Dodging
 + Level 0.4 Shields
 * Level 2.5 Invocations


You had 2 spell levels left.
You didn't know any spells.

Dungeon Overview and Level Annotations

Branches:
Dungeon (2/15)

Altars:

Annotations:
D:2 Jessica


Innate Abilities, Weirdness & Mutations

You have hooves in place of feet.
Armour fits poorly on your strangely shaped body.
You cover ground very quickly.
You have extremely tough skin. (AC +3)


Message History

Jessica gestures at you while chanting. Pain shoots through your body!
Unknown command.
Jessica points at you and mumbles some strange words.
Pain shoots through your body!
Unknown command.
Jessica mumbles some strange words.
Jessica blinks!
Jessica gestures at you while chanting. You resist with some effort.
You closely miss Jessica. Your kick misses Jessica.
Jessica hits you but does no damage. Jessica hits you.
Jessica hits you but does no damage.
You clumsily bash Jessica but do no damage.
Your kick misses Jessica. You block Jessica's attack. x2
You closely miss Jessica. You kick Jessica, but do no damage.
Jessica is no longer moving quickly.
Jessica gestures at you while chanting. Pain shoots through your body!
You die...

########.#.##.#....##.##......##
#...........#'########.#.#### .
#(..(#(...# #...# ...#..#).....#
###.# .......[.....# ###
.....#...#....# ......#...##'###
###...#...##.# ######'###@#
#.....@# #......# #......#
#......# #......# #......#
........# ......#.#


You could see Jessica.

Vanquished Creatures
  3 adders (D:2)
  A dart slug (D:1)
  A leopard gecko (D:1)
  A ball python (D:2)
  4 giant cockroaches
  6 goblins
  3 hobgoblins (D:1)
  6 bats
  3 frilled lizards (D:1)
  5 kobolds
  3 rats
36 creatures vanquished.

Notes
Turn   | Place    | Note
-------+----------+-------------------------------------------
     0 | Abyss:1  | Gargoyl the Centaur Abyssal Knight began the quest for the Orb.
     0 | Abyss:1  | Reached XP level 1. HP: 19/19 MP: 2/2
    14 | Abyss:1  | Found a corrupted altar of Lugonu.
    77 | Abyss:1  | Noticed an orange demon
    79 | Abyss:1  | Noticed a starcursed mass
    98 | Abyss:1  | Noticed a blizzard demon
   106 | Abyss:1  | Noticed a green death
   107 | Abyss:1  | Noticed a smoke demon
   108 | D:1      | Escaped the Abyss
   208 | D:1      | Reached * piety under Lugonu
   572 | D:1      | Reached XP level 2. HP: 23/26 MP: 3/3
  1034 | D:2      | Reached XP level 3. HP: 26/31 MP: 4/4
  1494 | D:2      | Noticed Jessica
  1522 | D:2      | Killed from afar by Jessica

Skill      XL: |  1  2  3 |
---------------+----------+-----
Armour         | 2 |  2.2
Axes           | 2 |  2.1
Fighting       | |  3.5
Dodging        | |  0.7
Shields        | |  0.4
Invocations    | |  2.5

Action                   || total
-------------------------++-------
Melee: Hand axe          ||   109
       Kick              ||    21
       Hunting sling     ||    16
Invok: Depart the Abyss  ||     1
  Use: Scroll            ||     5
       Potion            ||     4
  Eat: Chunk             ||     1
Armor: Chain mail        ||   169
Dodge: Dodged            ||    23
Block: Shield            ||    59
